 Dungeon Crawl Stone Soup version 0.19.1 (webtiles) character file.

966177 dvd the Archmage (level 27, -7/157 HPs)
             Began as a Deep Elf Fire Elementalist on Nov 26, 2016.
             Was the Champion of Vehumet.
             Killed from afar by an orb of fire (15 damage)
             ... with a fireball
             ... on level 5 of the Realm of Zot on Nov 29, 2016.
             The game lasted 10:53:11 (86955 turns).

dvd the Archmage (Deep Elf Fire Elementalist)      Turns: 86955, Time: 10:53:12

Health: -7/157     AC: 24    Str:  6 (9)  XL:     27
Magic:  56/56      EV: 21    Int: 42      God:    Vehumet [******]
Gold:   7739       SH: 17    Dex: 19      Spells: 18 memorised, 1 level left

rFire  + + +     SeeInvis +     a - +10 dagger of Resourcefulness {pierce, *Slow +Blink rF+++ Dex+4}
rCold  + . .     Gourm    .     p - +3 leather armour "Canity" {MR+ Str+4 Int+4}
rNeg   + . .     Faith    .     Q - +5 shield {reflect}
rPois  +         Spirit   .     K - +2 helmet {Int+3}
rElec  +         Reflect  +     J - +4 dragonskin cloak
rCorr  .         Harm     .     V - +2 pair of gloves
MR     +++++                    L - +2 pair of boots {run}
Stlth  +++.......               U - amulet "Kedanaup" {RegenMP *Contam +Blink rC+ Dex+2 SInv}
                                b - ring of the Gloaming {rElec rPois Stlth-}
                                y - ring of the Mage {Wiz MR++ Int+3}

@: deflect missiles, quick
A: blurry vision 2, clumsy 1, deformed body, dopey 1, frail 1, slow regeneration
2
a: Renounce Religion, Evoke Blink
}: 6/15 runes: serpentine, barnacled, slimy, silver, icy, bone


You were on level 5 of the Realm of Zot.
You worshipped Vehumet.
Vehumet was exalted by your worship.
You were not hungry.

You visited 15 branches of the dungeon, and saw 73 of its levels.
You visited the Abyss 1 time.
You visited 1 ziggurat, and saw 19 of its levels.
You also visited: Sewer and Ice Cave.

You collected 10440 gold pieces.
You spent 2701 gold pieces at shops.

Inventory:

Hand Weapons
 a - the +10 dagger of Resourcefulness (weapon) {pierce, *Slow +Blink rF+++ Dex+4}
   (You took it off a skeletal warrior on level 15 of the Dungeon)

   It inflicts extra damage upon your enemies.
   It affects your dexterity (+4).
   It renders you almost immune to fire.
   It lets you blink.
   It may slow you when you take damage.
Armour
 p - the +3 leather armour "Canity" (worn) {MR+ Str+4 Int+4}
   (You found it on level 1 of the Vaults)

   It affects your strength (+4).
   It affects your intelligence (+4).
   It affects your resistance to hostile enchantments.
 x - a +2 pair of boots of flying
 J - the +4 dragonskin cloak (worn)
   (You took it off Tiamat on level 2 of the Realm of Zot)
 K - a +2 helmet of intelligence (worn)
 L - a +2 pair of boots of running (worn)
 Q - a +5 shield of reflection (worn)
 V - a +2 pair of gloves (worn)
 Y - the +5 chain mail of the Sailor {+Inv rElec rPois}
   (You found it on level 10 of a ziggurat)

   It insulates you from electricity.
   It protects you from poison.
   It lets you turn invisible.
Jewellery
 b - the ring of the Gloaming (right hand) {rElec rPois Stlth-}
   (You took it off a vampire mage on level 7 of Tartarus)

   [ring of loudness]

   It insulates you from electricity.
   It protects you from poison.
   It makes you less stealthy.
 t - the ring of Cats {rCorr *Corrode rC+ Str+2}
   (You found it on level 5 of the Pits of Slime)

   [ring of resist corrosion]

   It affects your strength (+2).
   It protects you from cold.
   It may corrode you when you take damage.
 y - the ring of the Mage (left hand) {Wiz MR++ Int+3}
   (You took it off a deep elf annihilator on level 5 of the Vaults)

   [ring of wizardry]

   It improves your spell success rate.
   It affects your intelligence (+3).
   It affects your resistance to hostile enchantments.
 z - the ring of Ecicoe {rC+ MP+9 Dex+6 Slay+2}
   (You found it on level 17 of a ziggurat)

   [ring of dexterity]

   It affects your dexterity (+6).
   It affects your accuracy and damage with ranged weapons and melee attacks
   (+2).
   It protects you from cold.
   It affects your magic capacity (+9).
 M - the ring of the Equinox {*Tele rPois rC++ rN+ MR+}
   (You found it on level 3 of the Crypt)

   [ring of teleportation]

   It may teleport you next to monsters.
   It greatly protects you from cold.
   It protects you from poison.
   It protects you from negative energy.
   It affects your resistance to hostile enchantments.
 N - the amulet of the Air {Inacc +Fly rElec EV+5 RMsl}
   (You found it on level 11 of a ziggurat)

   [amulet of inaccuracy]

   It reduces the accuracy of all your attacks.
   It affects your evasion (+5).
   It insulates you from electricity.
   It lets you fly.
   It protects you from missiles.
 S - the amulet "Xuxoud" {Reflect rC- Str+2 Int+4 Dex+3 SH+6}
   (You found it on level 14 of a ziggurat)

   [amulet of reflection]

   It shields you and reflects attacks.
   It affects your strength (+2).
   It affects your intelligence (+4).
   It affects your dexterity (+3).
   It makes you vulnerable to cold.
   It affects your SH (+6).
 U - the amulet "Kedanaup" (around neck) {RegenMP *Contam +Blink rC+ Dex+2 SInv}
   (You found it on level 18 of a ziggurat)

   [amulet of magic regeneration]

   It increases your magic regeneration.
   It affects your dexterity (+2).
   It protects you from cold.
   It lets you see invisible.
   It lets you blink.
   It causes magical contamination when unequipped.
Wands
 e - a wand of heal wounds (2/9)
 l - a wand of acid (3/15)
 o - a wand of teleportation (8/9)
 w - a wand of iceblast (7/15)
 B - a wand of heal wounds (0/9)
 F - a wand of lightning (7/15)
 I - a wand of digging (8/24)
Scrolls
 g - 5 scrolls of magic mapping
 h - 14 scrolls of identify
 r - 29 scrolls of teleportation
 s - 12 scrolls of amnesia
 u - 3 scrolls of fog
 A - 4 scrolls of fear
 E - 3 scrolls of blinking
 G - 31 scrolls of remove curse
 T - 10 scrolls of recharging
Potions
 d - a potion of cancellation
 i - 21 potions of curing
 k - 7 potions of brilliance
 n - 4 potions of heal wounds
 v - a potion of ambrosia
 D - 3 potions of cure mutation
 P - 4 potions of resistance
 W - a potion of agility
 Z - 5 potions of haste
Comestibles
 c - 34 bread rations
 q - 27 royal jellies
 O - 29 fruits
 R - 11 meat rations


   Skills:
 * Level 18.4 Fighting
 + Level 6.5(7.1) Short Blades
   Level 3.5(5.2) Long Blades
 * Level 17.8 Armour
 + Level 12.7 Dodging
 + Level 9.6 Stealth
 * Level 12.9 Shields
 O Level 27 Spellcasting
 O Level 27 Conjurations
   Level 1.5 Hexes
 + Level 18.0 Charms
 + Level 9.8 Summonings
 + Level 23.8 Necromancy
 + Level 14.8 Translocations
 + Level 2.5 Transmutations
 + Level 26.7 Fire Magic
 + Level 9.7 Ice Magic
 + Level 6.9 Air Magic
   Level 3.1 Earth Magic
 + Level 4.7 Poison Magic
 + Level 2.5 Evocations


You had one spell level left.
You knew the following spells:

 Your Spells              Type           Power        Failure   Level  Hunger
a - Aura of Abjuration    Summ           #######...   1%          5    None
b - Bolt of Fire          Conj/Fire      ########..   0%          6    None
c - Fire Storm            Conj/Fire      ########..   1%          9    None
d - Sublimation of Blood  Necr           ########..   0%          2    None
e - Bolt of Cold          Conj/Ice       ########..   1%          6    None
f - Fireball              Conj/Fire      ########..   0%          5    None
g - Bolt of Draining      Conj/Necr      ########..   0%          5    None
h - Blink                 Tloc           N/A          0%          2    None
i - Force Lance           Conj/Tloc      ########     0%          4    None
j - Shroud of Golubria    Chrm/Tloc      ########..   0%          2    None
k - Deflect Missiles      Chrm/Air       ########..   1%          6    None
l - Regeneration          Chrm/Necr      ########..   0%          3    None
m - Control Undead        Necr           ########..   0%          4    None
n - Ozocubu's Armour      Chrm/Ice       ########     0%          3    None
o - Iskenderun's Battles  Conj/Chrm      ########     0%          5    None
p - Olgreb's Toxic Radia  Pois           #######.     1%          4    None
q - Ignite Poison         Fire/Tmut/Pois ########     0%          3    None
r - Dispel Undead         Necr           ########     0%          5    None


Dungeon Overview and Level Annotations

Branches:
Dungeon (15/15)            Temple (1/1) D:6            Lair (6/6) D:10
 Shoals (4/4) Lair:4        Snake (4/4) Lair:3        Slime (5/5) Lair:5
    Orc (2/2) D:11            Elf (3/3) Orc:2        Vaults (5/5) D:14
  Crypt (3/3) Vaults:3       Tomb (0/3) Crypt:3      Depths (5/5) D:15
   Hell (1/1)                 Dis (0/7) Hell            Geh (0/7) Hell
    Coc (7/7) Hell            Tar (7/7) Hell            Zot (5/5) Depths:5

Altars:
Ashenzari
Cheibriados
Dithmenos
Elyvilon
Fedhas
Gozag
Hepliaklqana
Kikubaaqudgha
Makhleb
Nemelex Xobeh
Okawaru
Qazlal
Ru
Sif Muna
Trog
Uskayaw
Vehumet
Xom
Yredelemnul
Zin
The Shining One
Beogh
Jiyva

Shops:
D:4 (   D:6 !   D:13 !   Orc:2 [**:(   Snake:1 !=   Snake:3 *   Vaults:1 :
Vaults:5 }}   Depths:1 *   Depths:4 !

Portals:
Hell: Depths:1 Depths:2 Depths:3 Depths:4 Depths:5
Abyss: Depths:2 Depths:4
Pandemonium: Depths:1 Depths:3


Innate Abilities, Weirdness & Mutations

Scrolls take you longer to read.
You are clumsy. (Dex -2)
Armour fits poorly on your strangely shaped body.
You are dopey. (Int -2)
You are frail. (-10% HP)
You do not regenerate when monsters are visible.


Message History

You hear a distant "Zot"!
Unknown command.
Casting: Bolt of Cold
Confirm with . or Enter, or press ? or * to list all spells.
You don't have enough magic to cast that spell.
Unknown command.
Okay, then.
Evoke which item? (* to show all) (? for menu, Esc to quit)
Zapping:
e - a wand of heal wounds (3/9)
Press: ? - help, Shift-Dir - straight line, f - you, p - orb of fire You feel much better.
This wand has 2 charges left.
The orb of fire emits a lurid red light.
The bolt of fire misses you.
Unknown command.
Casting: Bolt of Cold
Confirm with . or Enter, or press ? or * to list all spells.
You draw magical energy from your own body!
The orb of fire glows bright magenta.
The fireball explodes!
The fireball engulfs you! You resist.
You die...

,,,,,,* ********* *,,,,,,,,,,,...
,,,,,** **,,,,,,,,,,... ,,,***
***,,,,,,,,..X **** ****,,,,,...
▓▓▓▓# #▓▓▓▓▓▓▓▓▓▓## ^...###
###..^......... ##....##
##....##........
,###...###########...###.....*...
,,*##.......^...@*..###.......[..
,,* ##...........†.## #.......^X.
,,* #.............# #.......*..
,,* ##...........## #..........
,,* #...........# #.......... ,,*
##...........## #.......... ,**
#.............# *#......... **
##.............## ##........ *
#...............# ##.......


You could see an orb of fire.

Vanquished Creatures
  Antaeus (Coc:7)
  the Royal Jelly (Slime:5)
  Ereshkigal (Tar:7)
  9 ancient liches
  Tiamat (Zot:2)
  4 orbs of fire (Zot:5)
  Sojobo (Depths:4)
  The ghost of Cokeysmoke the Heavyweight Champion, a veteran TrMo of Hepliaklqana (Zig:11)
  5 greater mummies
  14 shard shrikes
  Margery (Vaults:2)
  Bai Suzhen (Shoals:3)
  4 pandemonium lords
  Geryon (Hell)
  2 curse toes
  Nikola (Vaults:1)
  12 golden dragons
  A profane servitor (Crypt:3)
  6 bone dragons
  An iron giant (Zig:8)
  5 doom hounds
  16 Tzitzimimeh
  Jorgrun (Snake:2)
  12 Ice Fiends
  3 electric golems
  18 tentacled monstrosities
  Asterion (Snake:3)
  11 Orb Guardians (Zot:5)
  6 liches
  5 titans
  7 quicksilver dragons
  25 acid blobs
  7 sphinxes
  An eldritch tentacle (Tar:5)
  3 deep elf blademasters
  5 ancient champions
  3 deep elf master archers
  Agnes (Snake:2)
  An Executioner (Coc:7)
  2 thorn hunters (Zig:17)
  Polyphemus (Shoals:2)
  14 death cobs
  A sphinx (shapeshifter) (Zig:16)
  3 krakens
  12 tengu reavers
  A tentacled starspawn (Abyss:4)
  Kirke (Shoals:3)
  12 shadow dragons
  11 storm dragons
  6 draconian monks
  13 azure jellies
  Roxanne (Snake:1)
  3 revenants
  Ilsuiw (Shoals:4)
  12 fire giants
  The ghost of Galewind the Ruinous, an adept DECj of Vehumet (Elf:2)
  3 iron dragons
  7 nagarajas
  21 frost giants
  4 balrugs
  5 deep elf sorcerers
  4 draconian knights
  23 vault wardens
  2 angels
  An emperor scorpion (Zig:12)
  7 draconian scorchers
  9 ghost moths
  A curse skull (Crypt:3)
  5 draconian annihilators
  8 elemental wellsprings
  6 deep elf elementalists
  6 ghouls
  5 draconian zealots
  A warmonger (Zig:7)
  8 draconian shifters
  A caustic shrike zombie (Zig:8)
  22 ironheart preservers
  39 very ugly things
  29 reapers
  A caustic shrike skeleton (Crypt:1)
  A juggernaut skeleton (Depths:1)
  11 green draconians
  4 draconian callers
  3 bennus (Zig:19)
  32 stone giants
  8 black draconians
  13 vampire knights
  5 deep elf demonologists
  3 entropy weavers
  Nessos (D:13)
  7 mottled draconians
  A lorocyproca (Zig:7)
  The ghost of TotoDurand the Fighter, a journeyman NaFi of Okawaru (D:11)
  13 purple draconians
  8 yellow draconians
  9 spark wasps
  9 red draconians
  The ghost of Shaaah the Fencer, a journeyman MiBe of Trog (Orc:2)
  11 deep elf annihilators
  7 white draconians
  21 ettins
  12 merfolk javelineers
  5 mummy priests
  25 jiangshi
  26 blizzard demons
  A quicksilver dragon zombie (Hell)
  6 eidola
  15 merfolk impalers
  2 fire dragons (shapeshifter)
  A green death (Zig:17)
  A minotaur (shapeshifter) (Vaults:1)
  11 death oozes
  12 deep elf death magi
  17 ogre magi
  11 fire dragons
  Josephine (D:11)
  14 yaktaur captains
  5 kraken zombies
  9 deep elf high priests
  19 great orbs of eyes
  Harold (Lair:1)
  4 quicksilver dragon skeletons
  Fannar (Lair:1)
  34 ice dragons
  20 naga warriors
  11 hydras
  34 vault guards
  A ghost crab (shapeshifter) (Vaults:5)
  A great orb of eyes (shapeshifter) (Vaults:5)
  2 spriggan air magi
  2 merfolk avatars
  6 rakshasas
  A juggernaut simulacrum (Zig:15)
  An alligator snapping turtle (Shoals:3)
  A ghost crab (Zig:17)
  4 catoblepae
  12 merfolk aquamancers
  16 centaur warriors
  An anaconda (shapeshifter) (Zig:14)
  2 satyrs
  3 death yaks (Shoals:2)
  9 death knights
  11 deep troll shamans
  8 anacondas
  27 dancing weapons
  3 alligators (Zig:17)
  A hell hog (shapeshifter) (Elf:2)
  6 titan zombies
  4 death scarabs
  5 hell hogs (Hell)
  3 orc high priests (Depths:3)
  4 spriggan berserkers
  8 deep troll earth magi
  6 tengu warriors
  Urug (D:11)
  A queen ant (Lair:6)
  17 vampire magi
  6 shock serpents
  A thrashing horror (Zig:5)
  2 iron golems (Depths:1)
  34 hell knights
  36 deep elf knights
  5 spriggans
  14 naga sharpshooters
  4 soul eaters
  3 titan skeletons
  A spatial maelstrom (Abyss:4)
  5 sun demons
  A sea snake (shapeshifter) (Depths:3)
  8 shadow wraiths
  4 storm dragon zombies
  6 unseen horrors
  108 skeletal warriors
  A golden dragon zombie (Zig:11)
  2 ghost moth zombies
  51 deep trolls
  A deep troll (shapeshifter) (Zig:9)
  11 iron trolls
  14 flayed ghosts
  25 sea snakes
  An unseen horror (shapeshifter) (Zig:14)
  3 salamander mystics
  A quicksilver dragon simulacrum (Crypt:3)
  3 wizards
  4 shadow demons
  17 ironbrand convokers
  3 storm dragon skeletons
  4 swamp dragons (Zig:17)
  10 anaconda zombies
  4 glowing orange brains
  8 death drakes
  2 shambling mangroves (Zig:17)
  4 golden dragon skeletons
  14 necromancers
  A shadow dragon zombie (Coc:3)
  A lindwurm (shapeshifter) (Zig:10)
  26 phantasmal warriors
  2 starcursed masses (Zig:5)
  25 deep elf archers
  8 naga ritualists
  17 harpies
  2 harpies (shapeshifter)
  4 anaconda skeletons
  3 orb spiders (Zig:12)
  2 sphinx zombies
  2 tengu zombies
  3 stone giant zombies
  3 shadow dragon skeletons
  A wolf spider zombie (D:14)
  An orb spider (shapeshifter) (Depths:3)
  9 hill giants
  A lindwurm (Lair:6)
  2 wolf spiders (shapeshifter) (Zig:14)
  A fire giant zombie (Coc:7)
  7 mana vipers
  3 orc sorcerers
  7 salamanders
  4 wolf spiders
  7 oklob plants (Zig:5)
  18 orc knights
  A manticore (shapeshifter) (Zig:10)
  80 deep elf magi
  A salamander (shapeshifter) (D:14)
  7 shining eyes
  31 cyclopes
  7 fauns
  2 iron dragon zombies
  49 ugly things
  2 frost giant zombies
  A faun (shapeshifter) (Vaults:4)
  4 iron dragon skeletons
  18 elephants
  2 guardian serpents (shapeshifter)
  12 sirens
  A sphinx skeleton (Zig:19)
  2 shock serpent zombies
  28 moths of wrath
  16 water nymphs
  3 elephants (shapeshifter)
  18 vault sentinels
  2 fire giant skeletons
  14 manticores
  4 rust devils
  An eye of devastation (shapeshifter) (Zig:10)
  A gargoyle (D:10)
  3 torpor snails (Zig:12)
  5 molten gargoyles
  A torpor snail (shapeshifter) (Zig:14)
  33 black mambas
  6 ice statues
  A black mamba (shapeshifter) (Vaults:5)
  9 guardian serpents
  A spiny frog (shapeshifter) (Vaults:1)
  9 spiny frogs
  A dire elephant zombie (Coc:4)
  2 orange demons (Hell)
  4 smoke demons
  A red draconian zombie (Crypt:1)
  An eye of devastation (Slime:3)
  A shock serpent skeleton (Abyss:4)
  A dire elephant skeleton (Coc:7)
  5 hellions
  A spriggan skeleton (Zig:19)
  3 stone giant skeletons
  13 naga magi
  A yaktaur zombie (Vaults:3)
  A rime drake (Zig:15)
  3 demonic crawlers (Zig:12)
  2 kobold demonologists (D:12)
  14 guardian mummies
  44 freezing wraiths
  3 anaconda simulacra
  17 komodo dragons
  54 yaktaurs
  53 ice devils
  A golden dragon simulacrum (Crypt:3)
  2 harpy zombies
  8 tormentors
  2 ancient zymes
  A sea snake skeleton (Crypt:1)
  7 tengu conjurers
  A troll (shapeshifter) (Vaults:1)
  14 hydra zombies
  2 silent spectres
  2 queen bees
  9 trolls
  A tengu simulacrum (Zig:15)
  49 merfolk
  19 two-headed ogres
  A meliai (shapeshifter) (Elf:3)
  A jumping spider (shapeshifter) (Vaults:1)
  A polar bear (Lair:2)
  A queen bee (shapeshifter) (Vaults:1)
  5 jumping spiders (Zig:12)
  14 hornets
  2 minotaur skeletons
  A two-headed ogre (shapeshifter) (Vaults:5)
  8 wind drakes
  3 tyrant leeches (Zig:17)
  6 bog bodies
  3 raiju (Abyss:4)
  An iron dragon simulacrum (Abyss:4)
  A slime creature (shapeshifter) (Depths:3)
  168 slime creatures
  6 dream sheep
  2 raiju (shapeshifter)
  10 hippogriffs
  6 large abominations
  A fire giant simulacrum (Zig:15)
  8 small abominations
  5 alligator zombies
  8 hydra skeletons
  A spriggan zombie (Zig:8)
  5 blink frogs
  2 ice dragon zombies (Coc:7)
  3 ettin zombies
  3 fire dragon skeletons
  2 alligator skeletons
  123 flying skulls
  8 snapping turtles
  3 redbacks (Vaults:3)
  2 air elementals
  3 ice dragon skeletons
  A tarantella (shapeshifter) (Vaults:1)
  24 shadows
  6 tarantellas
  22 wraiths
  3 black mamba zombies
  2 ettin skeletons
  A shapeshifter (Depths:3)
  48 yaks
  4 vampires
  Grum (D:9)
  A spriggan simulacrum (Zig:15)
  33 water elementals
  An ushabti (Zig:11)
  2 ynoxinuls
  7 basilisks
  A black mamba skeleton (Tar:7)
  14 fire elementals
  A golden eye (shapeshifter) (Depths:3)
  10 golden eyes
  7 wyverns
  2 humans (shapeshifter)
  A hog (Shoals:3)
  2 neqoxecs (Abyss:4)
  A yaktaur simulacrum (Depths:1)
  A steam dragon (Lair:6)
  A wind drake skeleton (Crypt:1)
  3 chaos spawn (Abyss:4)
  13 hungry ghosts
  An emperor scorpion simulacrum (Coc:2)
  A mottled dragon (shapeshifter) (Depths:1)
  An insubstantial wisp (Zig:17)
  7 vampire mosquitoes
  A warg (Orc:2)
  Edmund (D:6)
  58 nagas
  A swamp worm (shapeshifter) (Zig:14)
  Menkaure (D:6)
  3 mottled dragons
  4 spatial vortices
  10 soldier ants (Lair:6)
  7 spiny frog zombies
  16 hell hounds
  3 hydra simulacra
  2 floating eyes
  10 porcupines
  15 water moccasins
  A merfolk skeleton (Crypt:1)
  28 orc warriors
  11 ice beasts
  4 sky beasts
  A black bear (D:10)
  2 spiny frog skeletons
  17 necrophages
  9 eyes of draining
  7 phantoms
  An alligator simulacrum (Hell)
  An ettin simulacrum (Depths:1)
  7 wolves
  3 snapping turtle zombies
  A swamp dragon zombie (Coc:7)
  11 boggarts
  13 centaurs
  3 manticore skeletons
  An orc skeleton (Vaults:1)
  A rime drake zombie (Crypt:2)
  A blink frog skeleton (Crypt:2)
  A snapping turtle skeleton (Tar:7)
  3 swamp dragon skeletons
  41 ogres
  16 crocodiles
  3 human skeletons
  3 elf simulacra (Zig:15)
  4 big kobolds
  A draconian zombie (Crypt:2)
  A rime drake skeleton (Crypt:2)
  A human zombie (Vaults:3)
  3 yaktaur skeletons
  23 bullfrogs
  A komodo dragon skeleton (Crypt:2)
  3 earth elementals
  A spiny frog simulacrum (Hell)
  A wyvern zombie (D:9)
  2 wyvern skeletons (D:10)
  5 scorpions
  A queen bee zombie (Crypt:1)
  42 killer bees
  A manticore simulacrum (Crypt:3)
  33 wights
  4 howler monkeys
  2 electric eels (Lair:4)
  4 bullfrog zombies (D:6)
  5 crimson imps
  3 draconian simulacra (IceCv)
  5 centaur zombies
  5 jellies
  8 lava snakes
  7 hounds
  16 orc priests
  2 centaur skeletons
  A gnoll shaman (D:7)
  6 bullfrog skeletons
  5 iron imps
  4 iguanas
  21 orc wizards
  18 worker ants
  2 troll simulacra (IceCv)
  A killer bee zombie (D:9)
  An ogre zombie (Coc:7)
  4 centaur simulacra (IceCv)
  A hound skeleton (Crypt:2)
  3 hound zombies
  11 mummies
  4 worker ant zombies
  3 gnolls (D:7)
  Robin (D:4)
  A naga simulacrum (IceCv)
  24 adders
  2 river rats (Sewer)
  20 shadow imps
  6 white imps
  8 oozes
  3 adder zombies
  An adder skeleton (D:4)
  7 worms (Sewer)
  4 leopard geckos
  64 orcs
  5 bats
  7 giant cockroaches
  13 goblins
  13 hobgoblins
  16 jackals
  14 kobolds
  7 quokkas
  10 ball pythons
  A ball python skeleton (D:4)
  2 frilled lizards
  A giant cockroach zombie (D:4)
  A hobgoblin skeleton (Crypt:2)
  A jackal skeleton (D:6)
  A jackal zombie (D:4)
  2 leopard gecko skeletons (D:7)
  A leopard gecko zombie (D:5)
  An orc zombie (Crypt:2)
  2 quokka skeletons
  5 rats
  32 briar patches (Zig:17)
  A bush (Lair:3)
  5 fire vortices
  3 fungi
  3 lost souls (Zig:19)
  15 plants
  2 starspawn tentacles (Abyss:4)
  7 tentacles
3988 creatures vanquished.

Vanquished Creatures (collateral kills)
  An ancient lich (Crypt:3)
  Mara (Depths:3)
  A pandemonium lord (Zig:7)
  A Tzitzimitl (Tar:7)
  2 Orb Guardians (Zot:5)
  A tentacled monstrosity (Zot:1)
  2 acid blobs
  2 shadow dragons
  A frost giant (Hell)
  A ghoul (Crypt:2)
  4 very ugly things
  A draconian caller (Zot:5)
  A stone giant (Depths:5)
  A reaper (Tar:7)
  A vampire knight (Crypt:1)
  A green draconian (Zot:2)
  A purple draconian (Zot:1)
  A mottled draconian (Zot:5)
  A mummy priest (Zig:11)
  A death ooze (Slime:5)
  A quicksilver dragon skeleton (Coc:5)
  An ice dragon (Coc:7)
  A centaur warrior (Zig:13)
  A death knight (Vaults:4)
  A hell hog (Hell)
  A sun demon (Hell)
  A soul eater (Crypt:2)
  3 skeletal warriors
  A titan skeleton (Tar:7)
  2 death drakes
  A glowing orange brain (Vaults:3)
  A hill giant (D:13)
  A shadow dragon zombie (Tar:7)
  An orc knight (Vaults:4)
  A golden dragon skeleton (Coc:4)
  A necromancer (Depths:2)
  A frost giant skeleton (Coc:2)
  A dire elephant zombie (Tar:7)
  2 ugly things
  2 stone giant zombies
  An iron dragon skeleton (Depths:2)
  A sphinx skeleton (Depths:1)
  A spiny frog (Zig:17)
  A yaktaur (Vaults:3)
  A freezing wraith (Coc:1)
  2 ice devils
  A tengu conjurer (D:15)
  A hydra zombie (Coc:1)
  6 slime creatures
  A fire dragon zombie (Coc:2)
  An alligator zombie (Coc:1)
  6 flying skulls
  A shadow (Tar:2)
  A wraith (Crypt:3)
  2 water elementals
  2 golden eyes (Slime:5)
  A harpy simulacrum (Crypt:3)
  An orc warrior (Vaults:4)
  An ice beast (Coc:4)
  A snapping turtle zombie (Coc:7)
  4 ogres (Vaults:3)
  A small abomination (Abyss:4)
  A glowing shapeshifter simulacrum (Zig:19)
  A cyclops skeleton (Crypt:1)
  A killer bee (Depths:3)
  4 wights
  A crimson imp (D:15)
  3 mummies
  A hound zombie (Crypt:1)
  A shadow imp (Tar:1)
  3 white imps
  An orc (Vaults:4)
  A gnoll zombie (Crypt:1)
  2 briar patches (Zig:17)
109 creatures vanquished.

Vanquished Creatures (others)
  A tentacled monstrosity (Zig:17)
  A skeletal warrior (D:15)
  A necromancer (Depths:3)
  A deep elf mage (D:12)
  A smoke demon (Hell)
  A wraith (Vaults:2)
  A boggart (D:13)
  A wyvern zombie (D:12)
  2 ball lightnings (Zot:5)
  7 briar patches (Zig:17)
  756 fire vortices
  8 fungi
  2 lost souls (Zig:19)
  8 plants (Elf:3)
  55 tentacles
  A withered plant (Shoals:3)
847 creatures vanquished.

Grand Total: 4944 creatures vanquished

Notes
Turn   | Place    | Note
-------+----------+-------------------------------------------
     0 | D:1      | dvd the Deep Elf Fire Elementalist began the quest for the Orb.
     0 | D:1      | Reached XP level 1. HP: 10/10 MP: 6/6
   111 | D:1      | Reached XP level 2. HP: 15/15 MP: 2/8
   266 | D:1      | Learned a level 2 spell: Throw Flame
   379 | D:1      | Reached XP level 3. HP: 19/19 MP: 6/10
  1003 | D:2      | Found a glowing golden altar of the Shining One.
  1155 | D:2      | Found a bloodstained altar of Trog.
  1409 | D:2      | Found an iron altar of Okawaru.
  2080 | D:3      | Reached XP level 4. HP: 24/24 MP: 12/12
  2505 | D:3      | Learned a level 4 spell: Sticky Flame
  2611 | D:4      | Noticed Robin
  2631 | D:4      | Killed Robin
  2637 | D:4      | Reached XP level 5. HP: 12/28 MP: 0/14
  2691 | D:4      | Found Avotwev's Weapon Boutique.
  2735 | D:4      | Reached skill level 5 in Spellcasting
  2811 | D:4      | Found a radiant altar of Vehumet.
  2814 | D:4      | Became a worshipper of Vehumet
  2895 | D:4      | Found a glowing drain.
  2932 | D:4      | Noticed a phantom
  2949 | D:4      | Reached XP level 6. HP: 12/32 MP: 10/16
  2976 | Sewer    | Entered a sewer
  3383 | Sewer    | Reached skill level 5 in Fire Magic
  3867 | Sewer    | Reached * piety under Vehumet
  3867 | Sewer    | Offered knowledge of Sandblast by Vehumet.
  3894 | Sewer    | Reached XP level 7. HP: 36/36 MP: 18/18
  4352 | D:4      | Found a shimmering altar of Xom.
  4496 | D:4      | Found a basalt altar of Yredelemnul.
  4533 | D:4      | Reached skill level 5 in Conjurations
  4989 | D:4      | Found a shadowy altar of Dithmenos.
  5059 | D:5      | Entered Level 5 of the Dungeon
  5062 | D:5      | Reached skill level 1 in Armour
  5062 | D:5      | Reached XP level 8. HP: 41/41 MP: 21/21
  5327 | D:5      | Found a stormy altar of Qazlal.
  5327 | D:5      | Found a snail-covered altar of Cheibriados.
  5429 | D:5      | Learned a level 1 spell: Sandblast
  5635 | D:5      | Reached ** piety under Vehumet
  5635 | D:5      | Offered knowledge of Magic Dart by Vehumet.
  5638 | D:5      | Learned a level 1 spell: Magic Dart
  5646 | D:5      | Reached skill level 1 in Fighting
  5646 | D:5      | Reached skill level 1 in Short Blades
  5777 | D:5      | Learned a level 5 spell: Fireball
  6465 | D:6      | Found Urux's Distillery.
  6478 | D:6      | Noticed Edmund
  6498 | D:6      | Offered knowledge of Mephitic Cloud by Vehumet.
  6832 | D:6      | Reached XP level 9. HP: 41/48 MP: 24/24
  6861 | D:6      | Found a staircase to the Ecumenical Temple.
  6873 | Temple   | Entered the Ecumenical Temple
  7048 | D:6      | Killed Edmund
  7048 | D:6      | Reached *** piety under Vehumet
  7576 | D:6      | Noticed Menkaure
  7580 | D:6      | Killed Menkaure
  7830 | D:5      | Found a burning altar of Makhleb.
  8011 | D:7      | Gained mutation: Your spells are a little harder to cast, but a little more powerful. [potion of mutation]
  8011 | D:7      | Gained mutation: You can translocate small distances at will. [potion of mutation]
  8011 | D:7      | Gained mutation: You have a pair of small antennae on your head. [potion of mutation]
  8058 | D:7      | Found a blossoming altar of Fedhas.
  8622 | D:7      | Offered knowledge of Ignite Poison by Vehumet.
  8625 | D:7      | Reached skill level 1 in Earth Magic
  8795 | D:7      | Found a radiant altar of Vehumet.
  9185 | D:8      | Reached skill level 10 in Spellcasting
  9205 | D:8      | Gained mutation: Your mind is acute. (Int +2) [potion of mutation]
  9205 | D:8      | Lost mutation: You have a pair of small antennae on your head. [potion of mutation]
  9408 | D:8      | Reached XP level 10. HP: 56/56 MP: 16/26
  9575 | D:8      | Reached **** piety under Vehumet
  9734 | D:8      | Offered knowledge of Bolt of Draining by Vehumet.
  9751 | D:8      | Learned a level 5 spell: Bolt of Draining
  9817 | D:9      | Found an opulent altar of Gozag.
 10150 | D:9      | Reached skill level 1 in Necromancy
 10315 | D:9      | Got a fabulously ornate robe
 10326 | D:9      | Identified the +0 robe of Kleptomania {rF+} (You found it on level 9 of the Dungeon)
 10419 | D:9      | Noticed Grum
 10429 | D:9      | Killed Grum
 10791 | D:10     | Entered Level 10 of the Dungeon
 11118 | D:9      | Reached ***** piety under Vehumet
 11118 | D:9      | Offered knowledge of Force Lance by Vehumet.
 11283 | D:10     | Learned a level 2 spell: Blink
 11288 | D:10     | Learned a level 4 spell: Force Lance
 11291 | D:10     | Learned a level 2 spell: Shroud of Golubria
 11479 | D:10     | Reached skill level 5 in Stealth
 11507 | D:10     | Reached skill level 5 in Fighting
 11664 | D:10     | Reached XP level 11. HP: 38/63 MP: 23/28
 11828 | D:10     | Found a staircase to the Lair.
 12033 | D:10     | Reached skill level 1 in Long Blades
 12033 | D:10     | Reached skill level 1 in Translocations
 12258 | Lair:1   | Entered Level 1 of the Lair of Beasts
 12260 | Lair:1   | Noticed Fannar
 12310 | Lair:1   | Killed Fannar
 12310 | Lair:1   | Reached skill level 1 in Charms
 12384 | Lair:1   | Reached skill level 5 in Dodging
 12753 | Lair:1   | Noticed Harold
 12757 | Lair:1   | Killed Harold
 13246 | Lair:1   | Noticed a six-headed hydra
 13249 | Lair:1   | Killed a six-headed hydra
 13678 | Lair:2   | Reached XP level 12. HP: 63/71 MP: 19/31
 13720 | Lair:2   | Found a frozen archway.
 13730 | IceCv    | Entered an ice cave
 13741 | IceCv    | Reached skill level 10 in Conjurations
 14203 | IceCv    | Reached skill level 10 in Fire Magic
 14239 | IceCv    | Got a smoking flail {drain}
 14756 | IceCv    | Identified the +9 flail of Doima {drain, -Tele +Fly rPois Str+4} (You took it off a necromancer in an ice cave)
 15741 | Lair:3   | Found a staircase to the Snake Pit.
 15751 | Lair:3   | Gained mutation: Your spells are harder to cast, but more powerful. [potion of beneficial mutation]
 15864 | Lair:3   | Found a hide-covered altar of Uskayaw.
 15947 | Lair:3   | Offered knowledge of Yara's Violent Unravelling by Vehumet.
 16932 | Lair:4   | Noticed a catoblepas
 17319 | Lair:4   | Found a staircase to the Shoals.
 17414 | Lair:4   | Reached XP level 13. HP: 76/76 MP: 33/33
 17981 | Lair:5   | Found a runed door.
 17981 | Lair:5   | Found a viscous altar of Jiyva.
 17981 | Lair:5   | Found a staircase to the Slime Pits.
 18306 | Lair:5   | Reached skill level 15 in Spellcasting
 19157 | Lair:6   | Entered Level 6 of the Lair of Beasts
 19161 | Lair:6   | Found an iron altar of Okawaru.
 19545 | Lair:6   | Noticed an entropy weaver
 19548 | Lair:6   | Killed an entropy weaver
 19549 | Lair:6   | Noticed an entropy weaver
 19735 | Lair:5   | Killed an entropy weaver
 20178 | Lair:6   | Offered knowledge of Bolt of Cold by Vehumet.
 20186 | Lair:6   | Learned a level 6 spell: Bolt of Cold
 20738 | Lair:6   | Reached XP level 14. HP: 84/84 MP: 36/36
 21410 | Lair:6   | Reached skill level 1 in Ice Magic
 21575 | Lair:6   | Found a large runed door.
 21576 | Lair:6   | Found a large runed door.
 22263 | D:11     | Found a staircase to the Orcish Mines.
 22408 | D:11     | Noticed TotoDurand's ghost (journeyman NaFi)
 22417 | D:11     | Killed TotoDurand's ghost
 22599 | D:11     | Reached skill level 5 in Necromancy
 22697 | D:11     | Noticed Josephine
 22699 | D:11     | Killed Josephine
 22716 | D:11     | Noticed Urug
 22717 | D:11     | Killed Urug
 22829 | D:11     | Found a roughly hewn altar of Beogh.
 22931 | D:11     | Learned a level 2 spell: Repel Missiles
 24237 | Orc:1    | Entered Level 1 of the Orcish Mines
 24258 | Orc:1    | Reached ****** piety under Vehumet
 24262 | Orc:1    | Offered knowledge of Venom Bolt by Vehumet.
 24718 | Orc:2    | Entered Level 2 of the Orcish Mines
 24779 | Orc:2    | Found Zir Kosa's General Store.
 24882 | Orc:2    | Noticed Shaaah's ghost (journeyman MiBe)
 24885 | Orc:2    | Killed Shaaah's ghost
 25029 | Orc:2    | Found Fogg's Antique Armour Emporium.
 25040 | Orc:2    | Bought a runed cloak for 357 gold pieces
 25139 | Orc:2    | Found a staircase to the Elven Halls.
 25147 | Orc:2    | Found Ygafutz's General Store.
 25274 | Orc:2    | Noticed a stone giant
 25278 | Orc:2    | Killed a stone giant
 25278 | Orc:2    | Reached skill level 5 in Translocations
 25412 | Orc:2    | Found Oxae's Book Shop.
 25441 | Orc:2    | Found Ruxicheg's Antique Weapon Shop.
 25939 | Orc:2    | Bought a book of Necromancy for 510 gold pieces
 25943 | Orc:2    | Learned a level 3 spell: Regeneration
 25948 | Orc:2    | Learned a level 4 spell: Control Undead
 25952 | Orc:2    | Reached XP level 15. HP: 92/92 MP: 38/38
 26301 | D:13     | Found Tym Xae's Distillery.
 26476 | D:13     | Offered knowledge of Delayed Fireball by Vehumet.
 26485 | D:13     | Learned a level 7 spell: Delayed Fireball
 26800 | D:13     | Noticed Nessos
 26807 | D:13     | Killed Nessos
 26807 | D:13     | Reached skill level 10 in Fighting
 27757 | D:14     | You fall through a shaft!
 27757 | D:15     | Entered Level 15 of the Dungeon
 28224 | D:14     | Found a gate to the Vaults.
 29427 | D:15     | Found a staircase to the Depths.
 29427 | D:15     | Noticed a fire giant
 29433 | D:15     | Killed a fire giant
 29461 | D:15     | Got a transparent dagger {pierce}
 29462 | D:15     | Identified the +10 dagger of Resourcefulness {pierce, *Slow +Blink rF+++ Dex+4} (You took it off a skeletal warrior on level 15 of the Dungeon)
 29666 | D:15     | Offered knowledge of Poison Arrow by Vehumet.
 30301 | Snake:1  | Entered Level 1 of the Snake Pit
 30419 | Snake:1  | Found Gibym's Distillery.
 30429 | Snake:1  | Found Citoysa's Jewellery Boutique.
 30433 | Snake:1  | Bought an uncursed amulet of regeneration for 450 gold pieces
 31021 | Snake:1  | Noticed Roxanne
 31102 | Snake:1  | Killed Roxanne
 31644 | Snake:2  | Noticed Jorgrun
 31653 | Snake:2  | Reached XP level 16. HP: 74/99 MP: 12/40
 31656 | Snake:2  | Killed Jorgrun
 32180 | Snake:2  | Noticed Agnes
 32185 | Snake:2  | Killed Agnes
 32641 | Snake:2  | Reached skill level 1 in Evocations
 32914 | Snake:2  | Offered knowledge of Ozocubu's Refrigeration by Vehumet.
 33326 | Snake:3  | Noticed Asterion
 33332 | Snake:3  | Noticed an Executioner
 33332 | Snake:3  | Killed Asterion
 33637 | Snake:3  | Reached skill level 15 in Conjurations
 34004 | Snake:3  | Found a sparkling altar of Nemelex Xobeh.
 34246 | Snake:3  | Found Neovvues's Assorted Antiques.
 34403 | Snake:4  | Entered Level 4 of the Snake Pit
 35339 | Snake:4  | Reached XP level 17. HP: 103/104 MP: 36/42
 36753 | Snake:4  | Got a slimy buckler
 36759 | Snake:4  | Identified the +7 buckler of Fyech {rPois} (You found it on level 4 of the Snake Pit)
 37216 | Snake:4  | Got a serpentine rune of Zot
 37561 | Elf:1    | Entered Level 1 of the Elven Halls
 39306 | Elf:2    | Found a runed gate.
 39306 | Elf:2    | Found a runed gate.
 39307 | Elf:2    | Found a runed gate.
 39588 | Elf:2    | Offered knowledge of Fire Storm by Vehumet.
 39588 | Elf:2    | Offered knowledge of Shatter by Vehumet.
 39588 | Elf:2    | Offered knowledge of Tornado by Vehumet.
 39605 | Elf:2    | Reached XP level 18. HP: 80/112 MP: 0/44
 39787 | Elf:2    | Learned a level 2 spell: Sublimation of Blood
 39814 | Elf:2    | Reached skill level 15 in Fire Magic
 39969 | Elf:2    | Found an ancient bone altar of Kikubaaqudgha.
 40238 | Elf:2    | Noticed Galewind's ghost (adept DECj)
 40238 | Elf:2    | HP: 1/112 [disintegration (49)]
 40486 | Elf:2    | Reached skill level 1 in Shields
 40678 | Elf:2    | Killed Galewind's ghost
 41505 | Elf:3    | Entered Level 3 of the Elven Halls
 42255 | Elf:3    | Identified a +4 rod of shadows (11/11) (You took it off a deep elf knight on level 3 of the Elven Halls)
 42267 | Elf:3    | Got a brightly glowing ruby amulet
 42318 | Elf:3    | Got a smoking great mace {crush}
 42319 | Elf:3    | Identified the +1 great mace "Veciunounod" {crush, *Corrode rElec MP+9 SInv} (You took it off a deep elf sorcerer on level 3 of the Elven Halls)
 42523 | Elf:3    | Reached XP level 19. HP: 119/119 MP: 35/46
 42883 | Elf:3    | Identified the amulet "Hout Ezo" {Faith rC+ Int+2 SInv Stlth+} (You took it off a deep elf master archer on level 3 of the Elven Halls)
 42905 | Elf:3    | Got a slimy long sword
 42906 | Elf:3    | Identified the cursed +1 long sword of Defiance {slice, rPois} (You found it on level 3 of the Elven Halls)
 42963 | Elf:3    | Learned a level 5 spell: Iskenderun's Battlesphere
 43169 | Elf:1    | Reached skill level 5 in Charms
 43312 | Vaults:1 | Entered Level 1 of the Vaults
 43672 | Vaults:1 | Reached skill level 10 in Necromancy
 43912 | Vaults:1 | Got a slimy ring mail
 43923 | Vaults:1 | Identified the +5 ring mail of the Morning {rCorr Str+3} (You found it on level 1 of the Vaults)
 43947 | Vaults:1 | Noticed Nikola
 43952 | Vaults:1 | Killed Nikola
 44098 | Vaults:1 | Found Bituw's Book Shop.
 44588 | Vaults:1 | Got a scorched leather armour
 44599 | Vaults:1 | Identified the +3 leather armour "Canity" {MR+ Str+4 Int+4} (You found it on level 1 of the Vaults)
 45136 | Vaults:2 | Noticed Margery
 45146 | Vaults:2 | Killed Margery
 45294 | Vaults:2 | Reached XP level 20. HP: 125/125 MP: 48/48
 45535 | Vaults:2 | Identified a +2 pair of boots of running (You found it on level 2 of the Vaults)
 46995 | Vaults:3 | Identified Notwaucs's Collected Works on Slavery and Flight
 47003 | Vaults:3 | Learned a level 5 spell: Aura of Abjuration
 47135 | Vaults:3 | Reached skill level 1 in Summonings
 47211 | Vaults:3 | Found a staircase to the Crypt.
 47900 | Vaults:4 | Learned a level 9 spell: Fire Storm
 48110 | Vaults:4 | Got a brightly glowing great sword
 48111 | Vaults:4 | Identified the +4 great sword of the Desolation of Salt {protect, Str+3} (You found it on level 4 of the Vaults)
 48514 | Vaults:4 | Reached XP level 21. HP: 120/132 MP: 50/50
 49319 | Depths:1 | Entered Level 1 of the Depths
 49579 | Depths:1 | Found a one-way gate leading to the halls of Pandemonium.
 49617 | Depths:1 | Reached skill level 5 in Summonings
 49967 | Depths:1 | Found Ysahidu's General Store.
 49972 | Depths:1 | Bought a +2 cloak of magic resistance for 279 gold pieces
 50011 | Depths:1 | Found a gateway to Hell.
 50219 | Depths:1 | Found a gateway to a ziggurat.
 50279 | Depths:1 | Identified a scroll of acquirement
 50876 | Vaults:1 | Bought a book of the Sky for 1105 gold pieces
 50884 | Vaults:1 | Learned a level 6 spell: Deflect Missiles
 51098 | Depths:2 | Reached skill level 1 in Air Magic
 51261 | Depths:2 | Found a one-way gate to the infinite horrors of the Abyss.
 51576 | Depths:2 | Paralysed by a floating eye for 4 turns
 51986 | Depths:2 | Reached XP level 22. HP: 130/139 MP: 26/52
 52603 | Shoals:1 | Entered Level 1 of the Shoals
 53845 | Shoals:2 | Got a shadowed robe
 53846 | Shoals:2 | Identified the +2 robe "Heore" {*Slow rN++} (You found it on level 2 of the Shoals)
 53883 | Shoals:2 | Noticed Polyphemus
 53887 | Shoals:2 | Killed Polyphemus
 54468 | Shoals:3 | Reached skill level 15 in Fighting
 54595 | Shoals:3 | Got a blackened short sword {pierce}
 54612 | Shoals:3 | Identified the +7 short sword "Noihianemo" {pierce, Str+4} (You took it off a merfolk on level 3 of the Shoals)
 54621 | Shoals:3 | Learned a level 4 spell: Olgreb's Toxic Radiance
 54625 | Shoals:3 | Learned a level 3 spell: Ignite Poison
 54897 | Shoals:3 | Reached skill level 10 in Charms
 55061 | Shoals:3 | Noticed Kirke
 55067 | Shoals:3 | Killed Kirke
 55230 | Shoals:4 | Entered Level 4 of the Shoals
 55230 | Shoals:4 | Noticed Bai Suzhen
 55239 | Shoals:3 | Killed Bai Suzhen
 55493 | Shoals:4 | Noticed Ilsuiw
 55499 | Shoals:4 | Killed Ilsuiw
 55499 | Shoals:4 | Reached skill level 5 in Air Magic
 56022 | Shoals:4 | Got a barnacled rune of Zot
 56203 | Shoals:4 | Identified the Incunabulum of the Birds
 56993 | Vaults:5 | Entered Level 5 of the Vaults
 57147 | Vaults:4 | Reached skill level 1 in Poison Magic
 57292 | Vaults:5 | Reached XP level 23. HP: 79/144 MP: 43/54
 57540 | Vaults:5 | Noticed an ancient lich
 57630 | Vaults:4 | Killed an ancient lich
 57630 | Vaults:4 | Reached skill level 1 in Transmutations
 58448 | Vaults:5 | Got a silver rune of Zot
 58465 | Vaults:5 | Got a faintly humming hat
 58476 | Vaults:5 | Identified the +0 hat of the Heron {rC+ Str-5 Slay+5} (You acquired it on level 5 of the Vaults)
 58518 | Vaults:5 | Got a smoking plate armour
 58520 | Vaults:5 | Identified the +5 plate armour of the Endless Expanse {*Corrode rElec rPois Int+8} (You found it on level 5 of the Vaults)
 58557 | Vaults:5 | Got a translucent plate armour
 58558 | Vaults:5 | Identified the cursed +1 plate armour of Suly {+Blink Dex+4} (You found it on level 5 of the Vaults)
 59257 | Vaults:5 | Found Fusugg's Gadget Boutique.
 59464 | Vaults:5 | Reached XP level 24. HP: 150/150 MP: 35/55
 59490 | Vaults:5 | Got an uncursed scorched hand axe {drain}
 59491 | Vaults:5 | Identified the +12 hand axe of Distant Shores {drain, Stlth+} (You took it off a yaktaur captain on level 5 of the Vaults)
 59863 | Vaults:5 | Found Doorymn's Gadget Boutique.
 59885 | Vaults:5 | Got a distressingly furry plate armour
 59896 | Vaults:5 | Identified the +0 plate armour of the Lost Path {rN+} (You found it on level 5 of the Vaults)
 59910 | Vaults:5 | Got a heavily runed plate armour
 59921 | Vaults:5 | Identified the +7 plate armour "Zokuakua" {rN+} (You found it on level 5 of the Vaults)
 59951 | Vaults:5 | Got a steaming scimitar {speed}
 59952 | Vaults:5 | Identified the cursed +1 scimitar "Joexa" {speed, *Contam rPois Int+4 SInv} (You took it off a deep elf annihilator on level 5 of the Vaults)
 59990 | Vaults:5 | Cast into level 4 of the Abyss (a Zot trap)
 59990 | Abyss:4  | Found a corrupted altar of Lugonu.
 60267 | Abyss:4  | Found a corrupted altar of Lugonu.
 60427 | Vaults:5 | Escaped the Abyss
 60770 | Vaults:5 | Identified Ydwig's Collected Works on Twisted Confrontation
 60827 | Vaults:5 | Learned a level 6 spell: Bolt of Fire
 61488 | Slime:1  | Entered Level 1 of the Pits of Slime
 61822 | Slime:1  | Reached skill level 27 in Spellcasting
 61992 | Slime:2  | Reached skill level 5 in Shields
 63046 | Slime:4  | Gained mutation: Scrolls take you a little longer to read. [a shining eye]
 63347 | Slime:5  | Entered Level 5 of the Pits of Slime
 63383 | Slime:5  | Noticed the Royal Jelly
 63387 | Slime:5  | Killed the Royal Jelly
 63387 | Slime:5  | Reached XP level 25. HP: 150/155 MP: 26/56
 63525 | Slime:5  | Got a coiled iron ring
 63527 | Slime:5  | Identified the ring of Cats {rCorr *Corrode rC+ Str+2} (You found it on level 5 of the Pits of Slime)
 63562 | Slime:5  | Identified the Tome of Captivating Companions
 63602 | Slime:5  | Got a twisted whip
 63603 | Slime:5  | Identified the cursed +2 whip of the Thoughtful Wishes {venom, rF+ Str+3} (You found it on level 5 of the Pits of Slime)
 63638 | Slime:5  | Got a slimy rune of Zot
 64428 | Depths:3 | Learned a level 5 spell: Dispel Undead
 65074 | Depths:3 | Reached skill level 10 in Translocations
 65130 | Depths:3 | Got a steaming shield
 65141 | Depths:3 | Identified the +5 shield of the Jolly Lies {*Drain Str+4} (You found it on level 3 of the Depths)
 65422 | Depths:3 | Reached skill level 5 in Ice Magic
 65525 | Depths:3 | Found a runed door.
 66411 | Hell     | Entered the Vestibule of Hell
 66411 | Hell     | Noticed Geryon
 66418 | Hell     | Reached skill level 15 in Necromancy
 66419 | Hell     | Killed Geryon
 66575 | Hell     | Reached XP level 26. HP: 127/160 MP: 45/56
 67087 | Depths:4 | Noticed Mara
 67088 | Depths:4 | Noticed dvd's illusion
 67105 | Depths:3 | Killed Mara
 67526 | Depths:4 | Found Licoinag's Antique Armour Shoppe.
 67530 | Depths:4 | Noticed Sojobo
 67535 | Depths:4 | Killed Sojobo
 68063 | Depths:4 | Found Hanin's Distillery.
 68275 | Depths:5 | Entered Level 5 of the Depths
 68621 | Depths:5 | Found a gate to the Realm of Zot.
 69842 | Crypt:1  | Entered Level 1 of the Crypt
 70553 | Crypt:2  | Reached XP level 27. HP: 165/165 MP: 56/56
 70806 | Crypt:2  | Reached skill level 10 in Dodging
 71282 | Crypt:3  | Entered Level 3 of the Crypt
 71554 | Crypt:3  | Found a basalt altar of Yredelemnul.
 71643 | Crypt:3  | Identified Sif Muna's Grimoire of Unholy Arts
 71695 | Crypt:3  | Reached skill level 5 in Short Blades
 71880 | Crypt:3  | Noticed an ancient lich
 71880 | Crypt:3  | Found a staircase to the Tomb.
 71884 | Crypt:3  | Killed an ancient lich
 71966 | Crypt:3  | Reached skill level 5 in Armour
 72339 | Crypt:3  | Got a coiled golden ring
 72348 | Crypt:3  | Identified the ring of the Equinox {*Tele rPois rC++ rN+ MR+} (You found it on level 3 of the Crypt)
 73051 | Hell     | Found a gateway to the decaying netherworld of Tartarus.
 73200 | Hell     | Found a gateway to the Iron City of Dis.
 73265 | Hell     | Found a gateway to the ashen valley of Gehenna.
 73309 | Hell     | Found a gateway to the freezing wastes of Cocytus.
 73396 | Coc:1    | Entered Level 1 of Cocytus
 74519 | Coc:3    | Gained mutation: You are frail. (-10% HP) [mutagenic glow]
 75063 | Coc:7    | Entered Level 7 of Cocytus
 75106 | Coc:7    | Reached skill level 10 in Armour
 75641 | Coc:7    | Got a bloodstained dagger
 75653 | Coc:7    | Identified the +4 dagger "Bayma" {pierce, -Tele rF++ MP+9} (You found it on level 7 of Cocytus)
 75659 | Coc:7    | Noticed Antaeus
 75672 | Coc:7    | Killed Antaeus
 75697 | Coc:7    | Got an icy rune of Zot
 76362 | Zot:1    | Entered Level 1 of the Realm of Zot
 76730 | Zot:1    | Got a scorched ring mail
 76733 | Zot:1    | Identified the +0 ring mail "Duubro" {rPois rF+ rC+++ Int-3} (You found it on level 1 of the Realm of Zot)
 76936 | Zot:1    | Got a faintly humming plate armour
 76939 | Zot:1    | Identified the cursed +0 plate armour "Wuumour" {rC+ rN++ Int+2} (You found it on level 1 of the Realm of Zot)
 77341 | Zot:2    | Identified the Catalogue of Earthen Venom
 77838 | Zot:2    | Noticed Tiamat
 77852 | Zot:2    | Killed Tiamat
 78690 | Zot:3    | Reached skill level 15 in Charms
 80574 | Zig:1    | Entered Level 1 of a ziggurat
 80582 | Zig:1    | Got a distressingly furry plate armour
 80593 | Zig:1    | Identified the +7 plate armour of Houlyt {Dex+4} (You found it on level 1 of a ziggurat)
 80611 | Zig:2    | Entered Level 2 of a ziggurat
 80637 | Zig:3    | Entered Level 3 of a ziggurat
 80687 | Zig:4    | Entered Level 4 of a ziggurat
 80688 | Zig:4    | Noticed Angir the pandemonium lord
 80692 | Zig:4    | Killed Angir the pandemonium lord
 80703 | Zig:4    | Identified the Compendium of a Thousand Runes
 80741 | Zig:5    | Entered Level 5 of a ziggurat
 80803 | Zig:6    | Entered Level 6 of a ziggurat
 80843 | Zig:6    | Got a smoking brass ring
 80845 | Zig:6    | Identified the ring "Piekoirr" {+Inv rC- MP+9 Int+8} (You found it on level 6 of a ziggurat)
 80862 | Zig:7    | Entered Level 7 of a ziggurat
 80866 | Zig:7    | Noticed Xorol the pandemonium lord
 80871 | Zig:7    | Killed Xorol the pandemonium lord
 80968 | Zig:8    | Entered Level 8 of a ziggurat
 81035 | Zig:9    | Entered Level 9 of a ziggurat
 81045 | Zig:9    | Noticed an ancient lich
 81047 | Zig:9    | Killed an ancient lich
 81091 | Zig:10   | Entered Level 10 of a ziggurat
 81113 | Zig:10   | Got a heavily runed chain mail
 81124 | Zig:10   | Identified the +5 chain mail of the Sailor {+Inv rElec rPois} (You found it on level 10 of a ziggurat)
 81135 | Zig:10   | Identified Berghyd's Catalogue of Poisoning and Transmigration
 81166 | Zig:10   | Got an ancient quick blade
 81167 | Zig:10   | Identified the +1 quick blade of Fortitude {pain, Int+4} (You found it on level 10 of a ziggurat)
 81174 | Zig:11   | Entered Level 11 of a ziggurat
 81174 | Zig:11   | Noticed Cokeysmoke's ghost (veteran TrMo)
 81179 | Zig:11   | Killed Cokeysmoke's ghost
 81218 | Zig:11   | Noticed an ancient lich
 81219 | Zig:11   | Noticed a greater mummy
 81221 | Zig:11   | Killed an ancient lich
 81221 | Zig:11   | Reached skill level 27 in Conjurations
 81225 | Zig:11   | Killed a greater mummy
 81247 | Zig:11   | Identified Gyis's Compendium of the Congealing Arsonist
 81268 | Zig:11   | Reached skill level 1 in Hexes
 81283 | Zig:11   | Got an ichor-stained mace
 81286 | Zig:11   | Identified the +3 mace of Watchfulness {crush, rN+ Int+3 Dex+5 Stlth-} (You found it on level 11 of a ziggurat)
 81296 | Zig:12   | Entered Level 12 of a ziggurat
 81332 | Zig:12   | Identified the Incunabulum of Glacial Stones
 81348 | Zig:12   | Got a thick robe
 81359 | Zig:12   | Identified the +2 robe "Qasauh" {+Inv rF+ rC+ Str-4} (You found it on level 12 of a ziggurat)
 81359 | Zig:12   | Lost strength.
 81404 | Zig:12   | Got a jewelled hunting sling
 81405 | Zig:12   | Identified the +5 hunting sling "Ifeeh" {venom, +Blink SInv} (You found it on level 12 of a ziggurat)
 81435 | Zig:13   | Entered Level 13 of a ziggurat
 81448 | Zig:13   | Reached skill level 10 in Shields
 81559 | Zig:14   | Entered Level 14 of a ziggurat
 81605 | Zig:14   | Got a wavering platinum amulet
 81608 | Zig:14   | Identified the amulet "Xuxoud" {Reflect rC- Str+2 Int+4 Dex+3 SH+6} (You found it on level 14 of a ziggurat)
 81644 | Zig:14   | Got a translucent chain mail
 81655 | Zig:14   | Identified the +2 chain mail of Prudence {rC+ Int+2 Stlth+} (You found it on level 14 of a ziggurat)
 81675 | Zig:15   | Entered Level 15 of a ziggurat
 81737 | Zig:15   | Identified Yxuumox's Grimoire of Protection and Malediction
 81753 | Zig:15   | Got a coiled steel ring
 81755 | Zig:15   | Identified the ring of Siotece {rF- rC+ MP+9 Int+3} (You found it on level 15 of a ziggurat)
 81769 | Zig:15   | Learned a level 3 spell: Ozocubu's Armour
 81786 | Zig:16   | Entered Level 16 of a ziggurat
 81796 | Zig:16   | Noticed Uxzaoweq the pandemonium lord
 81796 | Zig:16   | Noticed Luheyzoa the pandemonium lord
 81797 | Zig:16   | Noticed Sudgh the pandemonium lord
 81797 | Zig:16   | Killed Luheyzoa the pandemonium lord
 81798 | Zig:16   | Noticed Cogut the pandemonium lord
 81798 | Zig:16   | Noticed Eroh Cut the pandemonium lord
 81799 | Zig:16   | Killed Sudgh the pandemonium lord
 81799 | Zig:16   | Killed Uxzaoweq the pandemonium lord
 81815 | Zig:16   | Noticed Naqahut the pandemonium lord
 81820 | Zig:16   | Got a ring of the Octopus King
 81823 | Zig:17   | Entered Level 17 of a ziggurat
 81860 | Zig:17   | Reached skill level 15 in Armour
 81914 | Zig:17   | Identified Sif Muna's Papyrus of Hexes and Moulding
 81920 | Zig:17   | Identified a ring of the Octopus King {rC+ AC+1 EV+1 Str+1 Int+1 Dex+1} (You found it on level 16 of a ziggurat)
 81932 | Zig:17   | Got a coiled ivory ring
 81934 | Zig:17   | Identified the ring of Ecicoe {rC+ MP+9 Dex+6 Slay+2} (You found it on level 17 of a ziggurat)
 81980 | Zig:17   | Got a bronze plate armour
 81991 | Zig:17   | Identified the cursed +1 plate armour of Wonder {rC+ Int+2} (You found it on level 17 of a ziggurat)
 82008 | Zig:17   | Got a smelly ring mail
 82019 | Zig:17   | Identified the cursed +0 ring mail "Wael" {rN+ MR+ Int+3 Stlth-} (You found it on level 17 of a ziggurat)
 82069 | Zig:18   | Entered Level 18 of a ziggurat
 82180 | Zig:18   | Got a pitted ruby amulet
 82183 | Zig:18   | Identified the amulet "Kedanaup" {RegenMP *Contam +Blink rC+ Dex+2 SInv} (You found it on level 18 of a ziggurat)
 82237 | Zig:19   | Entered Level 19 of a ziggurat
 82257 | Zig:19   | Noticed a greater mummy
 82258 | Zig:19   | Noticed a greater mummy
 82259 | Zig:19   | Noticed a greater mummy
 82261 | Zig:19   | Killed a greater mummy
 82261 | Zig:19   | Killed a greater mummy
 82261 | Zig:19   | Killed a greater mummy
 82263 | Zig:19   | Noticed a greater mummy
 82273 | Zig:19   | Noticed a greater mummy
 82278 | Zig:19   | Killed a greater mummy
 82283 | Zig:19   | Noticed a greater mummy
 82288 | Zig:19   | Noticed a greater mummy
 82476 | Tar:1    | Entered Level 1 of Tartarus
 83126 | Tar:7    | Entered Level 7 of Tartarus
 83129 | Tar:7    | Lost mutation: Your mind is acute. (Int +2) [potion of cure mutation]
 83129 | Tar:7    | Lost mutation: You are frail. (-10% HP) [potion of cure mutation]
 83129 | Tar:7    | Lost mutation: Your spells are harder to cast, but more powerful. [potion of cure mutation]
 83129 | Tar:7    | Lost mutation: Your spells are a little harder to cast, but a little more powerful. [potion of cure mutation]
 83129 | Tar:7    | Lost mutation: Scrolls take you a little longer to read. [potion of cure mutation]
 83241 | Tar:7    | Noticed an ancient lich
 83244 | Tar:7    | Killed an ancient lich
 83878 | Tar:7    | Got a slimy ivory ring
 83879 | Tar:7    | Identified the ring of the Gloaming {rElec rPois Stlth-} (You took it off a vampire mage on level 7 of Tartarus)
 83911 | Tar:7    | Got a scorched buckler
 83922 | Tar:7    | Identified the +2 buckler "Qamig" {MP+9} (You found it on level 7 of Tartarus)
 84290 | Tar:7    | Noticed Ereshkigal
 84298 | Tar:7    | Killed Ereshkigal
 84345 | Tar:7    | Got a bone rune of Zot
 85161 | Zot:5    | Entered Level 5 of the Realm of Zot
 85631 | Zot:5    | Noticed an orb of fire
 85641 | Zot:5    | Noticed an orb of fire
 85666 | Zot:5    | Gained mutation: Armour fits poorly on your strangely shaped body. [an orb of fire]
 85667 | Zot:5    | Gained mutation: You are frail. (-10% HP) [an orb of fire]
 85671 | Zot:5    | Gained mutation: Your magical capacity is low. (-10% MP) [an orb of fire]
 85672 | Zot:5    | Gained mutation: You are dopey. (Int -2) [an orb of fire]
 85675 | Zot:5    | Gained mutation: You tend to lose your temper in combat. [an orb of fire]
 85676 | Zot:5    | Killed an orb of fire
 85679 | Zot:5    | Noticed an ancient lich
 85688 | Zot:5    | Killed an ancient lich
 85690 | Zot:5    | Noticed an orb of fire
 85705 | Zot:5    | Noticed an ancient lich
 85706 | Zot:5    | Noticed an orb of fire
 85707 | Zot:5    | Noticed an ancient lich
 85708 | Zot:5    | Noticed an ancient lich
 85712 | Zot:5    | Killed an ancient lich
 85712 | Zot:5    | Killed an ancient lich
 85713 | Zot:5    | Noticed an orb of fire
 85713 | Zot:5    | Killed an ancient lich
 85714 | Zot:5    | Noticed an orb of fire
 85716 | Zot:5    | Noticed an ancient lich
 85721 | Zot:5    | Noticed an orb of fire
 85723 | Zot:5    | Noticed an ancient lich
 85724 | Zot:5    | Killed an ancient lich
 85758 | Zot:4    | Lost mutation: You tend to lose your temper in combat. [potion of cure mutation]
 85758 | Zot:4    | Lost mutation: You are frail. (-10% HP) [potion of cure mutation]
 85758 | Zot:4    | Lost mutation: You are dopey. (Int -2) [potion of cure mutation]
 85758 | Zot:4    | Lost mutation: Armour fits poorly on your strangely shaped body. [potion of cure mutation]
 85985 | Zot:5    | Gained mutation: You occasionally shout uncontrollably at your foes. [an orb of fire]
 85988 | Zot:5    | Gained mutation: You have sharp toenails. [an orb of fire]
 86003 | Zot:5    | Gained mutation: You have razor-sharp toenails. [an orb of fire]
 86004 | Zot:5    | Gained mutation: Scrolls take you a little longer to read. [an orb of fire]
 86010 | Zot:5    | Gained mutation: You expend magic power (3 MP) to strengthen your wands. [an orb of fire]
 86012 | Zot:5    | Gained mutation: You tend to lose your temper in combat. [an orb of fire]
 86028 | Zot:5    | Gained mutation: You regenerate slowly when monsters are visible. [an orb of fire]
 86030 | Zot:5    | Killed an orb of fire
 86034 | Zot:4    | Lost mutation: You tend to lose your temper in combat. [potion of cure mutation]
 86034 | Zot:4    | Lost mutation: Your magical capacity is low. (-10% MP) [potion of cure mutation]
 86034 | Zot:4    | Lost mutation: You occasionally shout uncontrollably at your foes. [potion of cure mutation]
 86034 | Zot:4    | Lost mutation: You have razor-sharp toenails. [potion of cure mutation]
 86177 | Zot:4    | Lost mutation: You have sharp toenails. [potion of cure mutation]
 86177 | Zot:4    | Lost mutation: You can translocate small distances at will. [potion of cure mutation]
 86177 | Zot:4    | Lost mutation: You expend magic power (3 MP) to strengthen your wands. [potion of cure mutation]
 86177 | Zot:4    | Lost mutation: Scrolls take you a little longer to read. [potion of cure mutation]
 86244 | Zot:5    | Killed an orb of fire
 86383 | Zot:5    | Gained mutation: You are clumsy. (Dex -2) [an orb of fire]
 86389 | Zot:5    | Gained mutation: Armour fits poorly on your strangely shaped body. [an orb of fire]
 86398 | Zot:5    | Gained mutation: Scrolls take you a little longer to read. [an orb of fire]
 86399 | Zot:5    | Lost mutation: You are clumsy. (Dex -2) [an orb of fire]
 86402 | Zot:5    | Gained mutation: You are clumsy. (Dex -2) [an orb of fire]
 86404 | Zot:5    | Lost mutation: Scrolls take you a little longer to read. [an orb of fire]
 86408 | Zot:5    | HP: 1/175 [orb of fire/fireball (17)]
 86867 | Zot:5    | Gained mutation: You are dopey. (Int -2) [an orb of fire]
 86868 | Zot:5    | Killed an orb of fire
 86932 | Zot:5    | Gained mutation: Scrolls take you a little longer to read. [an orb of fire]
 86933 | Zot:5    | Gained mutation: You do not regenerate when monsters are visible. [an orb of fire]
 86947 | Zot:5    | Gained mutation: You are frail. (-10% HP) [an orb of fire]
 86951 | Zot:5    | Gained mutation: Scrolls take you longer to read. [an orb of fire]
 86955 | Zot:5    | Killed from afar by an orb of fire

Skill      XL: |  1  2  3  4  5  6  7  8  9 10 11 12 13 14 15 16 17 18 19 20 21 22 23 24 25 26 27 |
---------------+----------------------------------------------------------------------------------+-----
Fire Magic     | 4 5 6 7 8 9 10 11 12 13 14 15 16 17 18 19 20 21 26 | 26.7
Spellcasting   | 4 5 6 7 9 10 11 13 14 16 17 18 19 20 21 22 23 24 25 26 27 | 27.0
Stealth        | 3 4 5 6 7 9 |  9.6
Conjurations   | 2 3 4 5 6 7 8 9 11 12 13 14 15 16 17 18 19 20 21 22 23 27 | 27.0
Dodging        | 3 4 5 6 7 8 9 12 | 12.7
Armour         | 1 2 3 4 17 | 17.8
Fighting       | 2 4 5 6 7 8 9 10 11 12 13 14 15 18 | 18.4
Short Blades   | 1 2 3 4 6 |  6.5
Earth Magic    | 2 3 |  3.1
Necromancy     | 3 4 5 6 7 9 11 12 13 14 15 16 23 | 23.8
Long Blades    | 1 2 3 |  3.5
Translocations | 2 3 4 5 6 7 8 9 10 14 | 14.8
Charms         | 2 3 4 5 6 8 11 12 13 18 | 18.0
Ice Magic      | 2 3 4 5 7 9 |  9.7
Evocations     | 1 2 |  2.5
Shields        | 1 2 4 5 6 12 | 12.9
Summonings     | 3 6 9 |  9.8
Air Magic      | 2 5 6 |  6.9
Poison Magic   | 1 3 4 |  4.7
Transmutations | 1 2 |  2.5
Hexes          | 1 |  1.5

Action                   |  1- 3 |  4- 6 |  7- 9 | 10-12 | 13-15 | 16-18 | 19-21 | 22-24 | 25-27 || total
-------------------------+-------+-------+-------+-------+-------+-------+-------+-------+-------++-------
Melee: Dagger            |     2 |     6 |    11 |       |    15 |    20 |    62 |    46 |   221 ||   383
       Short sword       |       |       |    37 |       |       |       |       |       |       ||    37
       Long sword        |       |       |       |    14 |    43 |       |       |       |       ||    57
       Demon blade       |       |       |       |       |    21 |       |       |       |       ||    21
       Flail             |       |       |       |       |     1 |    11 |       |       |       ||    12
 Cast: Flame Tongue      |    53 |    39 |   109 |    32 |     2 |     4 |    15 |       |       ||   254
       Throw Flame       |    18 |    50 |   131 |    62 |    32 |     5 |    16 |    14 |       ||   328
       Sticky Flame      |       |     6 |    45 |    39 |    29 |    22 |    17 |       |       ||   158
       Sandblast         |       |       |    13 |     7 |       |       |       |       |       ||    20
       Fireball          |       |       |    10 |   112 |   319 |   354 |   367 |   474 |   239 ||  1875
       Magic Dart        |       |       |     1 |     1 |       |       |       |       |       ||     2
       Bolt of Draining  |       |       |       |    35 |    57 |    47 |    79 |    68 |    44 ||   330
       Force Lance       |       |       |       |    24 |    48 |   107 |    52 |    80 |   203 ||   514
       Shroud of Golubri |       |       |       |     8 |    11 |    12 |     6 |    21 |    37 ||    95
       Blink             |       |       |       |     4 |     6 |     5 |     4 |    12 |    82 ||   113
       Bolt of Cold      |       |       |       |       |    50 |    14 |    48 |    18 |   171 ||   301
       Repel Missiles    |       |       |       |       |     3 |     4 |     3 |       |       ||    10
       Control Undead    |       |       |       |       |     6 |       |    15 |     8 |    30 ||    59
       Regeneration      |       |       |       |       |     4 |    12 |    40 |    42 |   135 ||   233
       Delayed Fireball  |       |       |       |       |     2 |     4 |     3 |     5 |     2 ||    16
       Sublimation of Bl |       |       |       |       |       |     6 |    50 |    50 |   154 ||   260
       Iskenderun's Batt |       |       |       |       |       |       |    42 |    12 |    13 ||    67
       Ignite Poison     |       |       |       |       |       |       |       |    19 |     3 ||    22
       Olgreb's Toxic Ra |       |       |       |       |       |       |       |    16 |     9 ||    25
       Deflect Missiles  |       |       |       |       |       |       |       |     5 |    10 ||    15
       Fire Storm        |       |       |       |       |       |       |       |    36 |   545 ||   581
       Aura of Abjuratio |       |       |       |       |       |       |       |     2 |    35 ||    37
       Bolt of Fire      |       |       |       |       |       |       |       |     7 |   209 ||   216
       Dispel Undead     |       |       |       |       |       |       |       |       |   141 ||   141
       Ozocubu's Armour  |       |       |       |       |       |       |       |       |     9 ||     9
 Abil: Release Delayed F |       |       |       |       |     1 |     4 |     3 |     3 |     1 ||    12
       Blink             |       |       |       |       |       |       |     1 |       |       ||     1
Evoke: Wand              |       |       |       |       |     7 |     8 |     5 |     2 |    22 ||    44
       Horn of Geryon    |       |       |       |       |       |       |       |       |     1 ||     1
  Use: Potion            |       |       |    10 |     4 |       |     4 |     3 |     1 |    29 ||    51
       Scroll            |       |       |    11 |    15 |    10 |    12 |    20 |    21 |    46 ||   135
 Stab: Sleeping          |     1 |       |     6 |       |     1 |       |     5 |     1 |     5 ||    19
       Distracted        |       |       |       |       |       |       |     2 |       |     2 ||     4
  Eat: Chunk             |     4 |     7 |    21 |    21 |    39 |    25 |    27 |    23 |    37 ||   204
       Meat ration       |       |       |       |     2 |       |       |       |     2 |     3 ||     7
       Fruit             |       |       |       |       |     1 |       |       |     2 |     2 ||     5
       Pizza             |       |       |       |       |     4 |     5 |       |     1 |     6 ||    16
       Royal jelly       |       |       |       |       |       |     1 |       |     1 |     8 ||    10
       Beef jerky        |       |       |       |       |       |       |     3 |     3 |     2 ||     8
Armor: Robe              |     5 |     2 |       |     5 |    44 |    33 |       |       |       ||    89
       Animal skin       |       |     6 |    16 |     6 |       |       |       |       |       ||    28
       Ring mail         |       |       |    22 |       |       |       |     5 |       |       ||    27
       Leather armour    |       |       |       |       |       |       |    26 |    35 |   144 ||   205
Dodge: Dodged            |    29 |    17 |    93 |    84 |   124 |   105 |    92 |   117 |   389 ||  1050
       Deflected         |       |       |       |       |    17 |    47 |    31 |    56 |    83 ||   234
Block: Buckler           |       |       |       |       |       |    50 |    77 |   128 |   111 ||   366
       Shield            |       |       |       |       |       |       |       |       |   246 ||   246
       Reflection        |       |       |       |       |       |       |       |       |     8 ||     8
       Rpst.: Long sword |       |       |       |    24 |    17 |       |       |       |       ||    41
       Demon blade       |       |       |       |       |     6 |       |       |       |       ||     6
